 Dungeon Crawl Stone Soup version 0.29.1-14-g9c671dbff4 (webtiles) character file.

Game seed: 16576161673603648739

1799 Peloso the Basher (level 8, -3/71 HPs)
             Began as a Minotaur Fighter on Feb 14, 2023.
             Killed by divine providence
             ... invoked by an orc priest
              (12 damage)
             ... on level 7 of the Dungeon.
             The game lasted 00:11:33 (5601 turns).

Peloso the Basher (Minotaur Fighter)                Turns: 5601, Time: 00:11:35

Health: -3/71      AC: 12    Str: 21    XL:     8   Next: 83%
Magic:  7/7        EV:  7    Int: 10    God:
Gold:   353        SH:  9    Dex: 12    Spells: 7/7 levels left

rFire   . . .      SeeInvis .   b - +10 flail "Bilysch" {pain, rC+ Int+5}
rCold   + . .      Faith    .   d - +0 kite shield
rNeg    . . .      Spirit   .   A - +0 chain mail
rPois   .          Reflect  .   (helmet restricted)
rElec   .          Harm     .   C - +1 cloak {rCorr}
rCorr   +          Rampage  .   (no gloves)
Will    .....                   (no boots)
Stlth   ..........              l - amulet of regeneration
HPRegen 1.01/turn               (no ring)
MPRegen 0.10/turn               (no ring)

@: no status effects
A: horns 2, retaliatory headbutt
a: no special abilities


You were on level 7 of the Dungeon.
You visited 1 branch of the dungeon, and saw 7 of its levels.
You also visited: Ossuary.

You collected 353 gold pieces.

Inventory:

Hand Weapons
 a - a +1 long sword of freezing
 b - the +10 flail "Bilysch" (weapon) {pain, rC+ Int+5}
   (You found it on level 3 of the Dungeon)

   In the hands of one skilled in necromantic magic, it inflicts extra damage on
   living creatures.
   Int:       It affects your intelligence (+5).
   rC:        It protects you from cold.
 c - a +1 dagger of flaming
Missiles
 f - a throwing net (quivered)
Armour
 d - a +0 kite shield (worn)
 s - a +0 scale mail
 A - a +0 chain mail (worn)
 C - a +1 cloak of preservation (worn)
Jewellery
 l - an amulet of regeneration (around neck)
 v - a ring of positive energy
 B - a ring of positive energy
Wands
 y - a wand of digging (4)
 z - a wand of iceblast (3)
Scrolls
 e - 4 scrolls of noise
 i - a scroll of fear
 k - a scroll of blinking
 o - 4 scrolls of enchant weapon
 q - 5 scrolls of butterflies
Potions
 g - 3 potions of might
 h - 2 potions of degeneration {unknown}
 j - a potion of berserk rage {unknown}
 m - 4 potions of heal wounds {unknown}
 n - a potion of flight {unknown}
 p - 2 potions of magic {unknown}
 r - a potion of cancellation {unknown}
 t - a potion of mutation {unknown}
 u - 3 potions of curing {unknown}
 x - a potion of lignification {unknown}
 D - a potion of attraction {unknown}


   Skills:
 + Level 6.4 Fighting
 + Level 4.5 Long Blades
 + Level 8.1 Maces & Flails
 + Level 6.9 Armour
 + Level 2.9 Dodging
 + Level 0.9 Stealth
 + Level 6.1 Shields


You had 7 spell levels left.
You didn't know any spells.
Your spell library was empty.

Dungeon Overview and Level Annotations

Branches:
Dungeon (7/15)            Ossuary (visited)
 Temple: D:4-7

Altars:
Wu Jian

Shops:
D:1 :

Portals:
Bailey: D:7


Innate Abilities, Weirdness & Mutations

You have a pair of horns on your head.
You reflexively headbutt those who attack you in melee.


Message History

The goblin hits you but does no damage. The goblin hits you.
The kobold barely misses you. You furiously retaliate!
You headbutt the kobold!
You kill the kobold!
The kobold throws a stone.
You block the stone.
You barely miss the goblin. You block the goblin's attack.
The goblin closely misses you.
Unknown command.
You hit the goblin.
You kill the goblin!
The goblin hits you. The kobold hits you but does no damage.
Unknown command.
You miss the goblin. The goblin hits you but does no damage.
The kobold completely misses you.
Unknown command.
You bludgeon the goblin!!
You kill the goblin!
The kobold hits you but does no damage.
Unknown command.
You hit the kobold.
You kill the kobold!
You barely miss the orc priest.
The orc priest mumbles some strange prayers to Beogh against you.
Beogh smites you!
* * * LOW HITPOINT WARNING * * *
You hit the orc priest.
The orc priest is lightly wounded.
The orc priest invokes the aid of Beogh against you.
Pain shoots through your body!
* * * LOW HITPOINT WARNING * * *
You barely miss the orc priest. You headbutt the orc priest!
The orc priest is almost dead.
You block the orc priest's attack.
You bludgeon the orc priest!!
You kill the orc priest!
The orc priest mumbles some strange prayers to Beogh against you.
Beogh smites you!
* * * LOW HITPOINT WARNING * * *
The orc priest calls down the wrath of Beogh upon you.
Beogh smites you!
You die...

.. #. .........
...#. ##.. .....
#..#K##... ....##:
##....K.. .......
......... ...#...
........# .......
.#.....o###..≈≈~≈≈
.......oK@((.≈...≈
.......o##(..~.∩.~
........#.[..≈.>.≈
..####.?.....≈≈~≈≈
. ##...........
#........###
.....[.###
[.......#


You could see an orc priest, 2 orcs and a kobold.

Vanquished Creatures
  Prince Ribbit (D:5)
  A steam dragon (D:6)
  2 ice beasts
  2 ogres
  A kobold brigand (D:7)
  3 elf skeletons (D:6)
  An elf zombie (Ossuary)
  A scorpion (D:5)
  2 centaur zombies (Ossuary)
  2 jellies
  A human zombie (Ossuary)
  2 orc priests
  Crazy Yiuf (D:5)
  A hound (D:4)
  3 human skeletons (D:6)
  An iguana (D:5)
  6 orc wizards
  2 mummies (Ossuary)
  4 gnolls (D:4)
  10 adders
  A white imp (D:4)
  An adder zombie (Ossuary)
  2 worms (D:2)
  3 dart slugs
  8 orcs
  8 ball pythons
  7 bats
  7 endoplasms
  2 giant cockroaches
  5 hobgoblins
  7 frilled lizards
  9 goblins
  2 goblin zombies (Ossuary)
  9 hobgoblin zombies (Ossuary)
  A jackal zombie (Ossuary)
  12 kobolds
  10 kobold zombies (Ossuary)
  9 orc zombies (Ossuary)
  6 rats
  A rat zombie (Ossuary)
157 creatures vanquished.

Vanquished Creatures (others)
  A goblin (D:7)
1 creature vanquished.

Grand Total: 158 creatures vanquished

Notes
Turn   | Place    | Note
-------+----------+-------------------------------------------
     0 | D:1      | Peloso the Minotaur Fighter began the quest for the Orb.
     0 | D:1      | Reached XP level 1. HP: 19/19 MP: 0/0
   174 | D:1      | Found Ryvynkecs's Book Shoppe.
   243 | D:1      | Reached XP level 2. HP: 24/27 MP: 1/1
   910 | D:2      | Reached XP level 3. HP: 29/33 MP: 2/2
  1402 | D:2      | Found an ornate altar of the Wu Jian Council.
  1650 | D:2      | You fall into a shaft and drop 2 floors!
  1661 | D:4      | Reached XP level 4. HP: 38/40 MP: 3/3
  1703 | D:3      | Reached skill level 1 in Dodging
  2014 | D:2      | Reached XP level 5. HP: 45/47 MP: 4/4
  2445 | D:3      | Identified the +10 flail "Bilysch" {pain, rC+ Int+5}
  2915 | D:4      | Noticed an ogre
  2925 | D:4      | Killed an ogre
  2926 | D:4      | Reached skill level 1 in Maces & Flails
  2926 | D:4      | Reached skill level 5 in Armour
  2926 | D:4      | Reached XP level 6. HP: 40/53 MP: 5/5
  3191 | D:5      | Entered Level 5 of the Dungeon
  3192 | D:5      | Noticed Prince Ribbit
  3219 | D:5      | Killed Prince Ribbit
  3220 | D:5      | Reached skill level 2 in Maces & Flails
  3220 | D:5      | Reached skill level 5 in Shields
  3265 | D:5      | Reached XP level 7. HP: 60/60 MP: 6/6
  3346 | D:5      | Reached skill level 5 in Fighting
  3350 | D:5      | Reached skill level 3 in Maces & Flails
  3426 | D:5      | Reached skill level 4 in Maces & Flails
  3538 | D:5      | Found a runed translucent door.
  3539 | D:5      | Noticed Crazy Yiuf
  3912 | D:5      | Killed Crazy Yiuf
  4068 | D:6      | Reached skill level 5 in Maces & Flails
  4068 | D:6      | Reached XP level 8. HP: 69/69 MP: 7/7
  4147 | D:6      | Reached skill level 6 in Maces & Flails
  4512 | D:6      | Found a sand-covered staircase.
  4524 | Ossuary  | Entered an ossuary
  4745 | Ossuary  | Reached skill level 7 in Maces & Flails
  5575 | D:7      | Found a flagged portal.
  5592 | D:7      | Reached skill level 8 in Maces & Flails
  5601 | D:7      | Killed from afar by an orc priest

Illustrated notes

Levels and vault maps discovered:
D:1:      eino_arrival_water_cross, layout_basic, serial_shops, shop,
          minmay_lizard_pond
D:2:      wander_river, layout_rooms, basic_altar, roderic_serpentine_path,
          st_stairs_2, grunt_decor_cap
D:3:      layout_basic
D:4:      layout_rooms, grunt_ministairs_1, kennysheep_generic_room_10
D:5:      nicolae_cairo_tiling_large, layout_cave_pools, uniq_prince_ribbit1,
          uniq_crazy_yiuf_cottage
D:6:      layout_basic, nicolae_ossuary_entry_catacombs
D:7:      layout_cave_pools, kennysheep_little_box,
          minmay_temple_entry_nine_rooms, serial_shops, nicolae_take_the_stairs,
          ebering_ghost_inner_flame, enter_bailey_5, dreamdust_wishing_well,
          minmay_chambers_of_fives

Skill      XL: |  1  2  3  4  5  6  7  8 |
---------------+-------------------------+-----
Armour         | 4 5 6 |  6.9
Fighting       | 4 5 6 |  6.4
Long Blades    | 3 4 |  4.5
Dodging        | 1 2 |  2.9
Shields        | 4 5 6 |  6.1
Maces & Flails | 1 2 5 8 |  8.1
Stealth        | |  0.9

Action                   |  1- 3 |  4- 6 |  7- 9 || total
-------------------------+-------+-------+-------++-------
Melee: Long sword        |    68 |    46 |       ||   114
       Headbutt          |    10 |    16 |    28 ||    54
       Flail             |       |    33 |   190 ||   223
Evoke: Wand              |       |       |     1 ||     1
  Use: Scroll            |       |     3 |     7 ||    10
Armor: Scale mail        |    49 |    28 |    13 ||    90
       Chain mail        |       |       |    88 ||    88
Dodge: Dodged            |    33 |    36 |    45 ||   114
Block: Buckler           |    16 |     5 |       ||    21
       Kite shield       |       |    22 |    61 ||    83
